 Dungeon Crawl Stone Soup version 0.30-a0-371-gad7725a93e (webtiles) character file.

Game seed: 11901000150096469913

196 Philosiphyzer the Chopper (level 5, -4/47 HPs)
             Began as a Hill Orc Fighter on Nov 22, 2022.
             Slain by an orc priest
             ... wielding a +0 morningstar
              (9 damage)
             ... on level 3 of the Dungeon.
             The game lasted 00:08:22 (2290 turns).

Philosiphyzer the Chopper (Hill Orc Fighter)        Turns: 2290, Time: 00:08:23

Health: -4/47      AC: 14    Str: 21    XL:     5   Next: 75%
Magic:  5/5        EV:  7    Int:  8    God:
Gold:   194        SH:  4    Dex: 10    Spells: 4/4 levels left

rFire   . . .      SeeInvis .    a - +2 war axe (pain)
rCold   . . .      Faith    .    c - +0 buckler
rNeg    . . .      Spirit   .    g - +0 chain mail
rPois   .          Reflect  .    (no helmet)
rElec   .          Harm     .    m - +0 cloak
rCorr   .          Rampage  .    (no gloves)
Will    .....                    (no boots)
Stlth   ..........               (no amulet)
HPRegen 0.27/turn                t - +4 ring of protection
MPRegen 0.09/turn                (no ring)

@: no status effects
A: no striking features
a: Convert to Beogh


You were on level 3 of the Dungeon.
You visited 1 branch of the dungeon, and saw 4 of its levels.

You collected 194 gold pieces.

Inventory:

Hand Weapons
 a - a +2 war axe of pain (weapon)
 b - a +0 war axe
 w - a +0 sling
Missiles
 h - 39 stones (quivered)
Armour
 c - a +0 buckler (worn)
 g - a +0 chain mail (worn)
 m - a +0 cloak (worn)
Jewellery
 t - a +4 ring of protection (left hand)
Wands
 o - a wand of mindburst (14)
Scrolls
 e - a scroll of teleportation {unknown}
 f - a scroll of noise {unknown}
 p - 4 scrolls of identify {unknown}
 q - 2 scrolls of fog {unknown}
 r - a scroll of blinking {unknown}
 s - a scroll of brand weapon {unknown}
Potions
 d - a potion of might
 i - a potion of haste {unknown}
 j - 3 potions of heal wounds {unknown}
 k - 2 potions of lignification {unknown}
 l - 2 potions of degeneration {unknown}
 n - a potion of cancellation {unknown}


   Skills:
 + Level 4.6 Fighting
 * Level 5.2 Axes
 + Level 4.3 Armour
 + Level 4.2 Shields


You had 4 spell levels left.
You didn't know any spells.
Your spell library was empty.

Dungeon Overview and Level Annotations

Branches:
Dungeon (4/15)
 Temple: D:4-7

Altars:
Fedhas


Message History

HP restored.
There is a stone staircase leading down here.
You climb downwards.
There is a stone staircase leading up here.
You climb upwards.
There is a stone staircase leading down here.
You climb downwards.
There is a stone staircase leading up here.
The orc priest calls down the wrath of Beogh upon you.
Beogh smites you!
You hit the orc priest.
The orc priest is heavily wounded.
The orc priest invokes the aid of Beogh against you.
Beogh smites you!
You are too injured to fight recklessly!
You are too injured to fight recklessly!
The orc priest completely misses you.
There is a stone staircase leading up here.
The orc priest calls down the wrath of Beogh upon you.
Beogh smites you!
* * * LOW HITPOINT WARNING * * *
The orc priest hits you but does no damage.
You climb upwards.
There is a stone staircase leading down here.
You are too injured to fight recklessly!
You barely miss the orc priest.
The orc priest is heavily wounded.
The orc priest shouts, "Join the one true god or die!"
The orc priest mumbles some strange prayers to Beogh against you.
Pain shoots through your body!
* * * LOW HITPOINT WARNING * * *
You hit the orc priest.
The orc priest shouts, "Beogh is our master!
Accept the truth or die!"
The orc priest is almost dead.
The orc priest barely misses you.
The orc priest looks satisfied for a moment.
You barely miss the orc priest.
The orc priest is almost dead.
The orc priest hits you with a +0 morningstar!
You die...

##.....♣...♣.....♣...♣.....#.#
##......≈....♣....≈....♣.##.#
# ##.......♣.....♣...♣.......#
# #.........≈.≈.......≈.#.###
# #.....................#.# #
#........#.##........#..#
###########...##.#........##
~....# ######..)o#......###
#.##.# #<...#.##@#......#
..##.# ####.#.##)#......#
~.##.######.#.##.########
.###(##.....#.##.#...#
####.##.#####.##.#.#.#
.....##.# #.##.#.#.# ###..##.#
#.##.#.#.# #..##.# #......#.#
#..##.# ####.###.#


You could see an orc priest.

Vanquished Creatures
  2 hounds (D:3)
  A gnoll (D:3)
  7 adders
  A dart slug (D:2)
  An orc (D:3)
  7 ball pythons
  7 bats
  4 endoplasms (D:1)
  6 giant cockroaches
  2 goblins
  3 hobgoblins
  4 jackals (D:1)
  3 quokkas
  2 frilled lizards
  4 kobolds
  6 rats
60 creatures vanquished.

Notes
Turn   | Place    | Note
-------+----------+-------------------------------------------
     0 | D:1      | Philosiphyzer the Hill Orc Fighter began the quest for the
                  | Orb.
     0 | D:1      | Reached XP level 1. HP: 19/19 MP: 1/1
    76 | D:1      | Found a faded altar of an unknown god.
   210 | D:1      | Reached skill level 3 in Axes
   306 | D:1      | Reached XP level 2. HP: 27/27 MP: 2/2
   647 | D:1      | Reached XP level 3. HP: 33/33 MP: 3/3
   902 | D:2      | Reached skill level 4 in Axes
   951 | D:2      | Reached XP level 4. HP: 39/40 MP: 4/4
  1478 | D:3      | Found a blossoming altar of Fedhas.
  1536 | D:3      | Reached XP level 5. HP: 47/47 MP: 5/5
  2079 | D:3      | Reached skill level 5 in Axes
  2290 | D:3      | Slain by an orc priest

Illustrated notes

Levels and vault maps discovered:
D:1:      nicolae_arrival_memento_mori, layout_rooms,
          hellmonk_ecumenical_altar_lost_god
D:2:      layout_rooms, chequers_garden
D:3:      layout_basic, mainiacjoe_overflow_24_doors, grunt_ministairs_2,
          nicolae_kite_square_tiling_tiny, chequers_serial_rivers_marsh,
          nicolae_figureground_pulse
D:4:      layout_cave_pools, mainiacjoe_overflow_divided_tiny

Skill      XL: |  1  2  3  4  5 |
---------------+----------------+-----
Axes           | 3 4 5 |  5.2
Fighting       | 4 |  4.6
Armour         | 4 |  4.3
Shields        | 4 |  4.2

Action                   |  1- 3 |  4- 6 || total
-------------------------+-------+-------++-------
Melee: War axe           |    81 |    76 ||   157
Armor: Chain mail        |    46 |    49 ||    95
       Scale mail        |     1 |       ||     1
Dodge: Dodged            |    23 |    45 ||    68
Block: Buckler           |    20 |    17 ||    37

Table legend: (Time is in decaauts)
 A = Elapsed time spent in this place.
 B = Non-inter-level travel time spent in this place.
 C = Inter-level travel time spent in this place.
 D = Time resting spent in this place.
 E = Time spent auto-exploring this place.
 F = Levels seen in this place.
 G = Mean time per level.
                   A        B        C        D        E       F      G
               +--------+--------+--------+--------+--------+-----+--------+
         Total |   2351 |   2173 |    178 |    183 |   1321 |   4 |  587.8 |
       Dungeon |   2351 |   2173 |    178 |    183 |   1321 |   4 |  587.8 |
               +--------+--------+--------+--------+--------+-----+--------+

Top non-repeatable levels by time:
     D:3: 1055 daAuts
     D:1: 736 daAuts
     D:2: 503 daAuts
     D:4: 57 daAuts
